 Dungeon Crawl Stone Soup version 0.25-a0-435-g4b9beb1024 (webtiles) character file.

Game seed: 3448598063188133248, levelgen mode: deterministic

305 Elellon the Conjurer (level 6, -1/32 HPs)
             Began as a Deep Elf Conjurer on Jan 27, 2020.
             Slain by a worker ant (6 damage)
             ... on level 6 of the Dungeon.
             The game lasted 00:03:26 (2971 turns).

Elellon the Conjurer (Deep Elf Conjurer)            Turns: 2971, Time: 00:03:27

Health: -1/32      AC:  4    Str:  7    XL:     6   Next: 15%
Magic:  17/17      EV: 12    Int: 20    God:
Gold:   95         SH:  0    Dex: 15    Spells: 15/18 levels left

rFire    . . .     SeeInvis .   b - +0 short sword
rCold    . . .     Gourm    .   (no shield)
rNeg     . . .     Faith    .   a - +0 robe
rPois    .         Spirit   .   f - +0 helmet (curse)
rElec    .         Reflect  .   j - +0 cloak
rCorr    .         Harm     .   (no gloves)
MR       .....                  (no boots)
Stlth    ++........             (no amulet)
HPRegen  0.10/turn              (no ring)
MPRegen  0.15/turn              (no ring)

@: drained
A: no striking features
a: no special abilities


You were on level 6 of the Dungeon.
You were not hungry.

You visited 1 branch of the dungeon, and saw 4 of its levels.

You collected 95 gold pieces.

Inventory:

Hand Weapons
 b - a +0 short sword (weapon)
Armour
 a - a +0 robe (worn)
 f - a cursed +0 helmet (worn)
 j - a +0 cloak (worn)
Scrolls
 h - a scroll of remove curse {unknown}
 i - a scroll of fog {unknown}
 k - a scroll of fear {unknown}
 n - a scroll of random uselessness {unknown}
 p - a scroll of teleportation {unknown}
Potions
 d - a potion of lignification {unknown}
 e - 3 potions of curing {unknown}
 g - 2 potions of haste {unknown}
 l - a potion of flight {unknown}
 m - a potion of degeneration {unknown}
Comestibles
 c - 5 rations
 o - 8 chunks of flesh


   Skills:
 - Level 2.4(1.5) Dodging
 - Level 2.4(1.5) Stealth
 + Level 6.5(5.5) Spellcasting
 + Level 6.6(5.6) Conjurations


You had 15 spell levels left.
You knew the following spells:

 Your Spells              Type           Power        Failure   Level  Hunger
a - Magic Dart            Conj           ####         1%          1    None
b - Searing Ray           Conj           ####..       1%          2    None

Your spell library contained the following spells:

 Spells                   Type           Power        Failure   Level  Hunger
 Dazzling Flash           Conj/Hex       ###...       11%         3    ##.....
 Fulminant Prism          Conj/Hex       ###.......   34%         4    ####...
 Iskenderun's Mystic Bla  Conj/Tloc      ###.....     34%         4    ####...


Dungeon Overview and Level Annotations

Branches:
Dungeon (3/15)

Altars:
Dithmenos
Nemelex Xobeh
Ru
Yredelemnul


Message History

The wight closely misses you.
You hit the wight but do no damage.
The wight hits you with a +1 long sword.
You feel drained. The wight completely misses you.
The wight hits you from afar with a +2 trident!
You feel drained.
You completely miss the wight.
The worker ant twitches its antennae in your direction.
The wight closely misses you. x2; The wight completely misses you.
The wight closely misses you. The wight hits you with a +2 trident.
The worker ant closely misses you. The worker ant bites you.
The worker ant bites you.
There is a stone staircase leading up here.
The wight hits you from afar with a +2 trident.
* * * LOW HITPOINT WARNING * * *
You feel drained.
* * * LOW HITPOINT WARNING * * *
The worker ant bites you.
You die...

#####
##...##
##.....##..
#.......#..
#....(....#
#@......#
##a....##
#zzz....#
#.......##..
#..........#
##.....#.#.
##...## #
#####


You could see a worker ant and 2 wights.

Vanquished Creatures
  Purgy (D:3)
  A scorpion (D:3)
  Jessica (D:3)
  4 gnolls
  4 adders
  3 worms
  A dart slug (D:1)
  3 leopard geckos (D:2)
  4 giant cockroaches
  4 hobgoblins
  3 jackals (D:2)
  2 quokkas
  5 bats
  4 frilled lizards
  6 goblins
  7 kobolds
  2 rats (D:1)
55 creatures vanquished.

Notes
Turn   | Place    | Note
-------+----------+-------------------------------------------
     0 | D:1      | Elellon the Deep Elf Conjurer began the quest for the Orb.
     0 | D:1      | Reached XP level 1. HP: 10/10 MP: 6/6
   317 | D:1      | Reached XP level 2. HP: 15/15 MP: 3/8
   960 | D:1      | Reached skill level 5 in Conjurations
   960 | D:1      | Reached XP level 3. HP: 19/19 MP: 8/10
  1261 | D:2      | Learned a level 2 spell: Searing Ray
  1325 | D:2      | Found a sacrificial altar of Ru.
  1722 | D:2      | Found a shadowy altar of Dithmenos.
  1928 | D:2      | Reached XP level 4. HP: 24/24 MP: 8/12
  2244 | D:3      | Reached skill level 5 in Spellcasting
  2502 | D:3      | Reached XP level 5. HP: 28/28 MP: 7/14
  2570 | D:3      | Noticed Jessica
  2654 | D:3      | Killed Jessica
  2733 | D:3      | Found a basalt altar of Yredelemnul.
  2754 | D:3      | Noticed Purgy
  2761 | D:3      | Killed Purgy
  2761 | D:3      | Reached XP level 6. HP: 32/32 MP: 9/17
  2925 | D:3      | Found a sparkling altar of Nemelex Xobeh.
  2962 | D:3      | You fall into a shaft and drop 3 floors!
  2971 | D:6      | Slain by a worker ant

Levels and vault maps discovered:
D:1:      lightli_arrival_windingriver, layout_basic, serial_bayou_pond_c
D:2:      layout_basic, nicolae_ru_sacrificial_ziggurat,
          nicolae_dithmenos_through_a_glass_darkly
D:3:      layout_basic, nicolae_overflow_crystal_walls,
          yredelemnul_altar_generic, first_ration, nemelex_altar_shiori,
          uniq_grinder, uniq_jessica, uniq_purgy
D:6:      layout_rooms, serial_shops, shop

Skill      XL: |  1  2  3  4  5 |
---------------+----------------+-----
Spellcasting   | 4 5 6 |  6.5
Conjurations   | 5 6 |  6.6
Dodging        | |  2.4
Stealth        | |  2.4

Action                   |  1- 3 |  4- 6 || total
-------------------------+-------+-------++-------
Melee: Short sword       |       |     2 ||     2
 Cast: Magic Dart        |    77 |    41 ||   118
       Searing Ray       |       |     4 ||     4
  Eat: Chunk             |     3 |     3 ||     6
Armor: Robe              |       |     2 ||     2
Dodge: Dodged            |     5 |    20 ||    25

Table legend:
 A = Non-vault XP
 B = Vault XP
 C = Vault XP percentage of total XP
 D = Non-vault monster count
 E = Vault monster count
 F = Vault count percentage of total count
                 A         B        C        D         E       F
            +---------+---------+-------+---------+---------+-------
      Total |     265 |     171 |  39.2 |      53 |       2 |   3.6
            +---------+---------+-------+---------+---------+-------
        D:1 |      45 |       0 |   0.0 |      20 |       0 |   0.0
        D:2 |      58 |       0 |   0.0 |      21 |       0 |   0.0
        D:3 |     162 |     171 |  51.4 |      12 |       2 |  14.3
            +---------+---------+-------+---------+---------+-------
